 Dungeon Sprint DCSS version 0.21.0-24-g2553a33 (webtiles) character file.

11400000 letownia2 the Axe Maniac (level 27, -18/273 HPs)
             Began as a Ghoul Fighter on Jan 21, 2018.
             Was the Champion of Makhleb.
             Killed from afar by a dread (49 damage)
             ... with damnation
             ... in the Dungeon (Sprint VIII: "Arena of Blood").
             The game lasted 00:03:24 (114 turns).

letownia2 the Axe Maniac (Ghoul Fighter)             Turns: 114, Time: 00:03:25

Health: -18/273    AC: 13    Str: 24    XL:     27
Magic:  42/53      EV: 30    Int:  3    God:    Makhleb [******]
Gold:   0          SH:  0    Dex: 17    Spells: 80/80 levels left

rFire    . . .     SeeInvis +   l - +∞ Axe of Woe
rCold    + . .     Gourm    .   (shield currently unavailable)
rNeg     + + +     Faith    .   b - +0 scale mail
rPois    ∞         Spirit   .   (no helmet)
rElec    .         Reflect  .   (no cloak)
rCorr    .         Harm     .   (no gloves)
MR       ++...     NoTele   +   (no boots)
Stlth    ++++++++..             (no amulet)
HPRegen  0.00/turn              m - ring of see invisible
MPRegen  0.33/turn              (no ring)

@: rotting
A: rotting body, claws 1, carnivore, cold resistance 1, negative energy
resistance 3, inhibited regeneration, torment resistance, unbreathing
a: Minor Destruction, Lesser Servant of Makhleb, Major Destruction, Greater
Servant of Makhleb, Renounce Religion


You were in the Dungeon.
You worshipped Makhleb.
Makhleb was exalted by your worship.
You were not hungry.

You visited 1 branch

Inventory:

Hand Weapons
 a - a +0 war axe
 l - the +∞ Axe of Woe (weapon)
   (You found it in the Dungeon)
Armour
 b - a +0 scale mail (worn)
 c - a +0 shield
Jewellery
 m - a ring of see invisible (left claw)
Scrolls
 k - a scroll of blinking
Potions
 d - a potion of might
 e - a potion of curing
 g - a potion of heal wounds
 h - a potion of haste
 i - 2 potions of magic
 j - a potion of berserk rage
Comestibles
 f - a ration


   Skills:
 O Level 27 Fighting
 O Level 27 Axes
 O Level 27 Throwing
 O Level 27 Armour
 O Level 27 Dodging
 O Level 27 Stealth
 O Level 27 Shields
 O Level 27 Unarmed Combat
 O Level 27 Spellcasting
 O Level 27 Invocations


You had 80 spell levels left.
You didn't know any spells.

Dungeon Overview and Level Annotations

Branches:
Dungeon (1/1)

Altars:
Makhleb


Innate Abilities, Weirdness & Mutations

Your body is rotting away.
You thrive on raw meat.
You are immune to poison.
You have sharp fingernails.
You are carnivorous and can eat meat at any time.
Your flesh is cold resistant. (rC+)
You are immune to negative energy. (rN+++)
You do not regenerate when monsters are visible.
You are immune to unholy pain and torment.
You can survive without breathing.


Message History

You hear a shout! x2
The accursed is engulfed in blazing flames.
The observer gazes at you.
The fireball explodes!
The fireball engulfs you!
You hear a shout! x2
Unknown command.
Unknown command.
Unknown command.
An orc, a phantom and a skeletal warrior come into view.
You hear a shout! x3
The scourge throws poison at you. The bolt of poison hits you! You resist.
The observer gazes at you. The bolt of fire hits you!
* * * LOW HITPOINT WARNING * * *
You convulse!
* * * LOW HITPOINT WARNING * * *
The dread throws damnation at you.
The sphere of damnation explodes!
The damnation engulfs you!
You die...

..........))))...#
.........§#§.....#
.........§§......#
........M§##W....#
#§.........M..o..#
.........###oGW..#
.............o..X#
.....#.#......W).#
.... ........S.)@#
.... #.#........#
.... .......o...#
.... #.#..#..o.#
#... ....#.o...# .
....#....#
.o#.z...#
..W.o...#


You could see an accursed, an observer (invisible), a scourge, a sculptor of
flesh (wandering), a large abomination, 2 wretched souls, 2 dreads and 8 bags of
meat.

Vanquished Creatures
  3 hell beasts (D)
  4 greater mummies (D)
  2 great orbs of eyes (D)
  3 wraiths (D)
  14 vampire knights (D)
  24 ogres (D)
  5 two-headed ogres (D)
  2 liches (D)
  3 hydras (D)
  69 orcs (D)
  3 phantoms (D)
  8 skeletal warriors (D)
  6 large abominations (D)
  6 small abominations (D)
  8 crawling corpses (D)
160 creatures vanquished.

Vanquished Creatures (others)
  7 crawling corpses (D)
7 creatures vanquished.

Grand Total: 167 creatures vanquished

Notes
Turn   | Place    | Note
-------+----------+-------------------------------------------
     0 | D        | Found the +∞ Axe of Woe
     0 | D        | letownia2 the Ghoul Fighter began the quest for the Orb.
     0 | D        | Reached XP level 1. HP: 19/19 MP: 0/0
     2 | D        | Noticed a bag of meat
     3 | D        | Noticed a bag of meat
     4 | D        | Noticed a bag of meat
     4 | D        | Noticed a bag of meat
     5 | D        | Noticed a bag of meat
     5 | D        | Noticed a bag of meat
     5 | D        | Noticed a meat berserker
     8 | D        | Became a worshipper of Makhleb the Destroyer
     9 | D        | Noticed a bag of meat
     9 | D        | Noticed a meat berserker
    10 | D        | Killed a meat berserker
    10 | D        | Reached XP level 2. HP: 56/56 MP: 1/1
    10 | D        | Reached XP level 3. HP: 63/63 MP: 2/2
    10 | D        | Reached XP level 4. HP: 71/71 MP: 3/3
    10 | D        | Reached XP level 5. HP: 79/79 MP: 4/4
    10 | D        | Reached XP level 6. HP: 86/86 MP: 5/5
    10 | D        | Reached XP level 7. HP: 93/93 MP: 6/6
    10 | D        | Reached XP level 8. HP: 102/102 MP: 7/7
    10 | D        | Reached XP level 9. HP: 108/108 MP: 8/8
    10 | D        | Reached XP level 10. HP: 117/117 MP: 9/9
    10 | D        | Reached XP level 11. HP: 124/124 MP: 10/10
    10 | D        | Reached XP level 12. HP: 132/132 MP: 11/11
    10 | D        | Reached XP level 13. HP: 139/139 MP: 12/12
    10 | D        | Killed a meat berserker
    10 | D        | Reached * piety under Makhleb
    10 | D        | Reached XP level 14. HP: 155/155 MP: 13/13
    10 | D        | Killed a bag of meat
    10 | D        | Reached XP level 15. HP: 166/166 MP: 14/14
    11 | D        | Noticed a meat berserker
    11 | D        | Reached ** piety under Makhleb
    11 | D        | Reached XP level 16. HP: 174/174 MP: 15/15
    11 | D        | Reached skill level 15 in Dodging
    13 | D        | Noticed a meat berserker
    13 | D        | Reached *** piety under Makhleb
    13 | D        | Reached XP level 17. HP: 181/181 MP: 16/16
    14 | D        | Killed a meat berserker
    16 | D        | Killed a meat berserker
    16 | D        | Reached XP level 18. HP: 190/190 MP: 17/17
    18 | D        | Reached **** piety under Makhleb
    18 | D        | Reached skill level 27 in Axes
    18 | D        | Reached XP level 19. HP: 206/206 MP: 18/18
    20 | D        | Noticed a destroyer
    21 | D        | Noticed a meat berserker
    22 | D        | Noticed a meat berserker
    22 | D        | Noticed a meat berserker
    22 | D        | Noticed a large bag of meat
    22 | D        | Noticed a meat berserker
    23 | D        | Noticed a large bag of meat
    24 | D        | Killed a meat berserker
    24 | D        | Reached skill level 27 in Fighting
    24 | D        | Reached skill level 27 in Armour
    24 | D        | Reached skill level 27 in Dodging
    24 | D        | Reached skill level 1 in Throwing
    24 | D        | Reached skill level 1 in Stealth
    24 | D        | Reached skill level 1 in Unarmed Combat
    24 | D        | Reached skill level 1 in Spellcasting
    24 | D        | Reached skill level 1 in Invocations
    24 | D        | Reached ***** piety under Makhleb
    24 | D        | Reached skill level 5 in Throwing
    24 | D        | Reached skill level 5 in Spellcasting
    24 | D        | Reached skill level 10 in Stealth
    24 | D        | Reached XP level 20. HP: 216/216 MP: 18/32
    24 | D        | Reached skill level 10 in Spellcasting
    25 | D        | Killed a meat berserker
    25 | D        | Reached skill level 15 in Unarmed Combat
    25 | D        | Reached skill level 15 in Invocations
    25 | D        | Reached XP level 21. HP: 224/224 MP: 18/37
    25 | D        | Reached skill level 15 in Throwing
    26 | D        | Noticed a large bag of meat
    26 | D        | Killed a meat berserker
    26 | D        | Reached skill level 15 in Spellcasting
    26 | D        | Killed a meat berserker
    26 | D        | Reached ****** piety under Makhleb
    26 | D        | Reached XP level 22. HP: 233/233 MP: 18/42
    28 | D        | Killed a large bag of meat
    28 | D        | Reached skill level 27 in Shields
    29 | D        | Noticed a destroyer
    29 | D        | Reached XP level 23. HP: 234/240 MP: 19/46
    29 | D        | Reached skill level 27 in Stealth
    30 | D        | Reached skill level 27 in Unarmed Combat
    30 | D        | Reached skill level 27 in Invocations
    31 | D        | Killed a destroyer
    31 | D        | Reached skill level 27 in Throwing
    31 | D        | Reached skill level 27 in Spellcasting
    31 | D        | Reached XP level 24. HP: 249/249 MP: 19/53
    32 | D        | Noticed a destroyer
    32 | D        | Noticed a destroyer
    35 | D        | Noticed a destroyer
    35 | D        | Noticed a destroyer
    42 | D        | Killed a large bag of meat
    42 | D        | Reached XP level 25. HP: 257/257 MP: 22/53
    43 | D        | Killed a destroyer
    43 | D        | Killed a destroyer
    47 | D        | Noticed a destroyer
    49 | D        | Noticed a destroyer
    49 | D        | Reached XP level 26. HP: 196/266 MP: 24/53
    50 | D        | Killed a destroyer
    55 | D        | Killed a destroyer
    55 | D        | Reached XP level 27. HP: 268/273 MP: 26/53
    57 | D        | Noticed an accursed
    57 | D        | Noticed a destroyer
    59 | D        | Noticed an accursed
    60 | D        | Noticed a tyrant
    60 | D        | Killed an accursed
    60 | D        | Killed a destroyer
    62 | D        | Killed a destroyer
    62 | D        | Killed a destroyer
    64 | D        | Noticed a dread
    64 | D        | Killed a destroyer
    66 | D        | Killed a large bag of meat
    67 | D        | Killed a tyrant
    67 | D        | Killed a dread
    68 | D        | Noticed a meat beast
    70 | D        | Killed an accursed
    71 | D        | Killed a meat beast
    73 | D        | Noticed a destroyer
    73 | D        | Noticed a dread
    75 | D        | Noticed a destroyer
    76 | D        | Noticed a large bag of meat
    76 | D        | Noticed a destroyer
    78 | D        | Killed a destroyer
    78 | D        | Killed a dread
    80 | D        | Killed a destroyer
    82 | D        | Noticed an accursed
    82 | D        | Killed a destroyer
    83 | D        | Killed a large bag of meat
    87 | D        | Noticed a meat beast
    87 | D        | Noticed a destroyer
    87 | D        | Noticed a destroyer
    88 | D        | Noticed a dread
    88 | D        | Killed a destroyer
    90 | D        | Noticed an accursed
    91 | D        | Noticed an accursed
    91 | D        | Killed a meat beast
    92 | D        | Noticed a meat beast
    93 | D        | Noticed a large bag of meat
    94 | D        | Killed an accursed
    94 | D        | Killed a destroyer
    96 | D        | Noticed a tyrant
    96 | D        | Killed an accursed
    96 | D        | Killed a meat beast
   100 | D        | Killed a dread
   102 | D        | Killed a large bag of meat
   107 | D        | Noticed a dread
   107 | D        | Noticed a dread
   109 | D        | Noticed a tyrant
   111 | D        | Killed a tyrant
   114 | D        | Killed from afar by a dread

Skill      XL: |  1  2  3  4  5  6  7  8  9 10 11 12 13 14 15 16 17 18 19 20 21 22 23 |
---------------+----------------------------------------------------------------------+-----
Fighting       | 19 22 23 26 27 | 27.0
Axes           | 9 11 17 21 26 27 | 27.0
Armour         | 17 19 20 23 27 | 27.0
Shields        | 16 19 20 21 23 25 27 | 27.0
Dodging        | 13 19 24 26 27 | 27.0
Throwing       | 9 14 18 21 27 | 27.0
Stealth        | 12 17 22 26 27 | 27.0
Unarmed Combat | 11 16 21 24 27 | 27.0
Spellcasting   | 9 13 17 20 27 | 27.0
Invocations    | 11 16 21 24 27 | 27.0

Action                   |  1- 3 |  4- 6 |  7- 9 | 10-12 | 13-15 | 16-18 | 19-21 | 22-24 | 25-27 || total
-------------------------+-------+-------+-------+-------+-------+-------+-------+-------+-------++-------
Melee: Executioner's axe |     1 |       |       |       |     1 |     4 |     3 |     6 |    40 ||    55
Armor: Scale mail        |       |       |       |       |       |       |       |       |    11 ||    11
Dodge: Dodged            |       |       |       |       |       |     1 |       |     2 |    12 ||    15
